 Dungeon Crawl Stone Soup version 0.27-a0-1597-ge58577e147 (webtiles) character file.

Game seed: 2472433139810371262

2027 MirrMurr the Thrower (level 9, 0/69 HPs)
             Began as a Gnoll Hunter on July 21, 2021.
             Slain by an orc priest (3 damage)
             ... on level 6 of the Dungeon.
             The game lasted 00:14:41 (7143 turns).

MirrMurr the Thrower (Gnoll Hunter)                 Turns: 7143, Time: 00:14:42

Health: 0/69       AC: 12    Str: 19    XL:     9   Next: 23%
Magic:  0/15       EV: 13    Int: 13    God:
Gold:   374        SH:  7    Dex: 17    Spells: 16/16 levels left

rFire    . . .     SeeInvis .   b - +2 spear (venom)
rCold    + . .     Faith    .   p - +2 buckler
rNeg     . . .     Spirit   +   A - +1 scale mail {Will+}
rPois    .         Reflect  .   u - +0 helmet
rElec    .         Harm     .   y - +1 cloak
rCorr    +         Rampage  .   D - +0 pair of gloves
Will     +....                  (no boots)
Stlth    ++........             e - amulet "Ekluc" {Spirit rCorr Dex+5}
HPRegen  0.21/turn              l - ring of protection from cold
MPRegen  0.14/turn              t - +6 ring of strength

@: no status effects
A: fangs 1, strong nose, distributed training
a: no special abilities


You were on level 6 of the Dungeon.
You visited 1 branch of the dungeon, and saw 6 of its levels.

You collected 374 gold pieces.

Inventory:

Hand Weapons
 a - a +0 hunting sling
 b - a +2 spear of venom (weapon)
 w - a +2 whip of electrocution
 x - a +0 short sword
Missiles
 c - 6 javelins
 d - 2 throwing nets
 g - 9 poisoned darts
 m - 55 sling bullets
 n - 71 stones
 r - 13 boomerangs (quivered)
Armour
 p - a +2 buckler (worn)
 u - a +0 helmet (worn)
 y - a +1 cloak (worn)
 A - a +1 scale mail of willpower (worn)
 D - a +0 pair of gloves (worn)
Jewellery
 e - the amulet "Ekluc" (around neck) {Spirit rCorr Dex+5}
   (You acquired it on level 4 of the Dungeon)

   [amulet of guardian spirit]

   It causes incoming damage to be divided between your reserves of health and
   magic.
   Dex:       It affects your dexterity (+5).
   rCorr:     It protects you from acid and corrosion.
 l - a ring of protection from cold (left hand)
 t - a +6 ring of strength (right hand)
Wands
 j - a wand of charming (10)
 z - a wand of flame (42)
Scrolls
 i - a scroll of identify
 k - 2 scrolls of teleportation
Potions
 f - 2 potions of resistance
 h - a potion of flight
 o - 2 potions of curing
 B - a potion of lignification


   Skills:
 + Level 6.2 Fighting
 + Level 4.0 Short Blades
 + Level 4.0 Long Blades
 + Level 4.0 Axes
 + Level 4.0 Maces & Flails
 + Level 4.0 Polearms
 + Level 4.0 Staves
 + Level 4.0 Slings
 + Level 4.0 Bows
 + Level 4.0 Crossbows
 + Level 9.4 Throwing
 + Level 4.0 Armour
 + Level 6.2 Dodging
 + Level 4.7 Stealth
 + Level 4.0 Shields
 + Level 4.0 Unarmed Combat
 + Level 4.0 Spellcasting
 + Level 3.3 Conjurations
 + Level 3.3 Hexes
 + Level 3.3 Summonings
 + Level 3.3 Necromancy
 + Level 3.3 Translocations
 + Level 3.3 Transmutations
 + Level 3.3 Fire Magic
 + Level 3.3 Ice Magic
 + Level 3.3 Air Magic
 + Level 3.3 Earth Magic
 + Level 3.3 Poison Magic
 + Level 4.4 Invocations
 + Level 4.0 Evocations


You had 16 spell levels left.
You didn't know any spells.
Your spell library contained the following spells:

 Spells                   Type           Power      Damage    Failure   Level
 Blink                    Tloc           N/A        N/A       22%         2
 Cause Fear               Hex            5%         N/A       83%         4
 Manifold Assault         Tloc           11%        N/A       99%         5
 Dragon Form              Tmut           5%         N/A       100%        7
 Storm Form               Tmut/Air       5%         N/A       100%        7
 Dragon's Call            Summ           5%         N/A       100%        9


Dungeon Overview and Level Annotations

Branches:
Dungeon (6/15)
 Temple: D:4-7

Altars:
Kikubaaqudgha
Nemelex Xobeh
Yredelemnul

Shops:
D:1 [

Annotations:
D:4 2 transporters, fly's ghost, novice FoDe
D:6 2 transporters, Eustachio; Menkaure


Innate Abilities, Weirdness & Mutations

You have very sharp teeth.
Your uncanny sense of smell can sniff out nearby items.
Your experience applies equally to all skills.


Message History

The orc priest looks satisfied for a moment.
The orc priest hits you but does no damage.
The orc priest barely misses you.
You hit the orc priest.
The orc priest is moderately wounded.
The orc priest invokes the aid of Beogh against you.
Beogh smites you!
* * * LOW HITPOINT WARNING * * *
The orc priest hits you but does no damage.
You barely miss the orc priest.
The orc priest is heavily wounded.
The orc priest hits you but does no damage.
The orc priest looks braver for a moment.
Okay, then.
Unknown command.
You hit the orc priest.
The orc priest is poisoned.
The orc priest is almost dead.
The orc priest invokes the aid of Beogh against you.
Beogh smites you!
* * * LOW HITPOINT WARNING * * *
Unknown command.
You hit the orc priest but do no damage.
You bite the orc priest, but do no damage.
The orc priest is almost dead.
The orc priest hits you with a +0 short sword.
* * * LOW HITPOINT WARNING * * *
The orc priest hits you but does no damage.
The orc priest calls upon Beogh to heal the orc priest.
The orc priest's wounds heal themselves!
Unknown command.
You hit the orc priest.
You kill the orc priest!
You block the orc priest's attack.
You closely miss the orc priest.
The orc priest is lightly wounded.
The orc priest barely misses you.
The orc priest hits you but does no damage.
You hit the orc priest but do no damage.
The orc priest hits you with a +0 short sword.
You die...

..≈≈≈# .#..#8. ..≈.≈###
##.......# .#. ##.
#..≈##.#####........# ##.#.....
##..................##
##..#..##.
#...................###...#..#8.
##.................((.....#..##.
#.................(# .....#.....
##.............(oo.# #....#.[$_=
.............>..@# #....######
................## #.........
.######...####..## #.....o.o. ##
∆..## #...# #......... ## ##))#
#...####... # .. #.)## #.. ####
## ..# #...# .. ∆ ## .## ...#
##..# ##.. #. ..##..# #..##.....
##.


You could see 2 orc priests.

Vanquished Creatures
  Pikel (D:3)
  Sigmund (D:4)
  Edmund (D:3)
  A black bear (D:6)
  An ice beast (D:5)
  A bullfrog (D:6)
  2 scorpions (D:6)
  A water moccasin skeleton (D:4)
  A howler monkey (D:5)
  A jelly (D:4)
  A centaur zombie (D:6)
  A bullfrog skeleton (D:5)
  3 hounds
  Crazy Yiuf (D:3)
  8 orc priests
  2 orc wizards
  Natasha (twice) (D:3)
  An iguana (D:4)
  4 hound skeletons
  Robin (D:3)
  7 adders
  3 gnolls (D:6)
  A howler monkey skeleton (D:5)
  2 worms (D:2)
  2 dart slugs
  18 orcs
  7 endoplasms
  2 giant cockroaches
  12 goblins
  9 hobgoblins
  4 jackals (D:4)
  8 kobolds
  6 quokkas
  6 ball pythons
  8 bats
  6 rats
136 creatures vanquished.

Vanquished Creatures (others)
  4 toadstools (D:1)
4 creatures vanquished.

Grand Total: 140 creatures vanquished

Notes
Turn   | Place    | Note
-------+----------+-------------------------------------------
     0 | D:1      | MirrMurr the Gnoll Hunter began the quest for the Orb.
     0 | D:1      | Reached XP level 1. HP: 20/20 MP: 1/1
   327 | D:1      | Reached XP level 2. HP: 19/26 MP: 2/2
  1156 | D:1      | Found Toxyiwih's Antique Armour Shoppe.
  1288 | D:1      | Reached XP level 3. HP: 17/31 MP: 3/3
  1672 | D:2      | Reached skill level 1 in Invocations
  1923 | D:2      | Reached skill level 1 in Short Blades
  1923 | D:2      | Reached skill level 1 in Long Blades
  1923 | D:2      | Reached skill level 1 in Axes
  1923 | D:2      | Reached skill level 1 in Maces & Flails
  1923 | D:2      | Reached skill level 1 in Polearms
  1923 | D:2      | Reached skill level 1 in Staves
  1923 | D:2      | Reached skill level 1 in Slings
  1923 | D:2      | Reached skill level 1 in Bows
  1923 | D:2      | Reached skill level 1 in Crossbows
  1923 | D:2      | Reached skill level 1 in Armour
  1923 | D:2      | Reached skill level 1 in Shields
  1923 | D:2      | Reached skill level 1 in Unarmed Combat
  1923 | D:2      | Reached skill level 1 in Spellcasting
  1923 | D:2      | Reached skill level 1 in Evocations
  1935 | D:2      | Reached XP level 4. HP: 24/38 MP: 5/5
  2169 | D:2      | Reached skill level 1 in Conjurations
  2169 | D:2      | Reached skill level 1 in Hexes
  2169 | D:2      | Reached skill level 1 in Summonings
  2169 | D:2      | Reached skill level 1 in Necromancy
  2169 | D:2      | Reached skill level 1 in Translocations
  2169 | D:2      | Reached skill level 1 in Transmutations
  2169 | D:2      | Reached skill level 1 in Fire Magic
  2169 | D:2      | Reached skill level 1 in Ice Magic
  2169 | D:2      | Reached skill level 1 in Air Magic
  2169 | D:2      | Reached skill level 1 in Earth Magic
  2169 | D:2      | Reached skill level 1 in Poison Magic
  2531 | D:3      | Noticed Robin
  2541 | D:3      | Killed Robin
  2556 | D:3      | Reached XP level 5. HP: 39/43 MP: 6/6
  2633 | D:3      | Noticed Natasha
  2641 | D:3      | Killed Natasha
  2931 | D:3      | Found a faded altar of an unknown god.
  3117 | D:3      | Noticed Natasha
  3196 | D:3      | Found a runed translucent door.
  3197 | D:3      | Noticed Crazy Yiuf
  3436 | D:3      | Killed Crazy Yiuf
  3550 | D:3      | Killed Natasha
  3597 | D:3      | Reached XP level 6. HP: 41/50 MP: 8/8
  3627 | D:4      | Noticed Edmund
  3663 | D:3      | Killed Edmund
  3664 | D:3      | Reached skill level 5 in Fighting
  3664 | D:3      | Reached skill level 5 in Dodging
  3930 | D:4      | Identified a scroll of acquirement
  3932 | D:4      | Acquired the amulet "Ekluc" {Spirit rCorr Dex+5}
  3953 | D:4      | Noticed Pikel
  3977 | D:3      | Killed Pikel
  3978 | D:3      | Reached skill level 9 in Throwing
  3978 | D:3      | Reached XP level 7. HP: 29/56 MP: 4/11
  4345 | D:4      | Found a sparkling altar of Nemelex Xobeh.
  4389 | D:4      | Reached XP level 8. HP: 60/63 MP: 9/12
  4401 | D:4      | Noticed Sigmund
  4419 | D:4      | Killed Sigmund
  4514 | D:4      | Found a transporter.
  4517 | D:4      | Noticed fly's ghost (novice FoDe)
  4527 | D:4      | Found a transporter.
  5369 | D:5      | Entered Level 5 of the Dungeon
  6054 | D:6      | Found a transporter.
  6057 | D:6      | Found a transporter.
  6073 | D:6      | Noticed a wraith
  6082 | D:6      | Found an ancient bone altar of Kikubaaqudgha.
  6086 | D:6      | Noticed Menkaure
  6092 | D:6      | Found a basalt altar of Yredelemnul.
  6116 | D:6      | Noticed Eustachio
  6571 | D:6      | Reached XP level 9. HP: 69/69 MP: 12/14
  7140 | D:6      | HP: 2/69 [orc priest (2)]
  7143 | D:6      | Slain by an orc priest

Illustrated notes

Levels and vault maps discovered:
D:1:      ldierk_water_garden, layout_basic, serial_shops, shop
D:2:      layout_rooms, roderic_three_in_a_row
D:3:      layout_basic, dreamdust_ecumenical_altar_hidden_monk_grotto,
          uniq_natasha, uniq_crazy_yiuf_cottage, uniq_robin
D:4:      layout_loops_corners, amcnicky_altar_gilded, gammafunk_ghost_arena,
          uniq_pikel, uniq_sigmund, uniq_edmund
D:5:      layout_rooms, hangedman_abyss_or_decor_passed
D:6:      layout_layer_cave, gammafunk_temple_of_torment, gup_sewer_entry_pipe,
          kennysheep_pointless_box, uniq_eustachio

Skill      XL: |  1  2  3  4  5  6  7  8  9 |
---------------+----------------------------+-----
Invocations    | 1 2 3 4 |  4.4
Short Blades   | 1 2 3 4 |  4.0
Long Blades    | 1 2 3 4 |  4.0
Axes           | 1 2 3 4 |  4.0
Maces & Flails | 1 2 3 4 |  4.0
Polearms       | 1 2 3 4 |  4.0
Staves         | 1 2 3 4 |  4.0
Slings         | 1 2 3 4 |  4.0
Bows           | 1 2 3 4 |  4.0
Crossbows      | 1 2 3 4 |  4.0
Armour         | 1 2 3 4 |  4.0
Shields        | 1 2 3 4 |  4.0
Unarmed Combat | 1 2 3 4 |  4.0
Spellcasting   | 1 2 3 4 |  4.0
Evocations     | 1 2 3 4 |  4.0
Conjurations   | 1 2 3 |  3.3
Hexes          | 1 2 3 |  3.3
Summonings     | 1 2 3 |  3.3
Necromancy     | 1 2 3 |  3.3
Translocations | 1 2 3 |  3.3
Transmutations | 1 2 3 |  3.3
Fire Magic     | 1 2 3 |  3.3
Ice Magic      | 1 2 3 |  3.3
Air Magic      | 1 2 3 |  3.3
Earth Magic    | 1 2 3 |  3.3
Poison Magic   | 1 2 3 |  3.3
Fighting       | 5 6 |  6.2
Dodging        | 5 6 |  6.2
Stealth        | 3 4 |  4.7
Throwing       | 9 |  9.4

Action                   |  1- 3 |  4- 6 |  7- 9 || total
-------------------------+-------+-------+-------++-------
Melee: Short sword       |    81 |       |       ||    81
       Bite              |    11 |    15 |    33 ||    59
       Spear             |    53 |   132 |   189 ||   374
       Whip              |       |       |    23 ||    23
 Fire: Hunting sling     |       |     6 |   154 ||   160
Throw: Throwing net      |       |     1 |       ||     1
  Use: Scroll            |     1 |     4 |     8 ||    13
       Potion            |       |       |     1 ||     1
 Stab: Sleeping          |     4 |     1 |     1 ||     6
       Distracted        |       |     1 |       ||     1
       Held in net/web   |       |     1 |       ||     1
Armor: Ring mail         |    48 |    31 |       ||    79
       Leather armour    |     1 |       |       ||     1
       Scale mail        |       |     7 |    70 ||    77
Dodge: Dodged            |    68 |    42 |   102 ||   212
Block: Buckler           |       |    28 |    53 ||    81

Table legend: (Time is in decaauts)
 A = Elapsed time spent in this place.
 B = Non-inter-level travel time spent in this place.
 C = Inter-level travel time spent in this place.
 D = Time resting spent in this place.
 E = Time spent auto-exploring this place.
 F = Levels seen in this place.
 G = Mean time per level.
                   A        B        C        D        E       F      G
               +--------+--------+--------+--------+--------+-----+--------+
         Total |   7137 |   6322 |    815 |    356 |   4676 |   6 | 1189.5 |
       Dungeon |   7137 |   6322 |    815 |    356 |   4676 |   6 | 1189.5 |
               +--------+--------+--------+--------+--------+-----+--------+

Top non-repeatable levels by time:
     D:1: 1815 daAuts
     D:3: 1616 daAuts
     D:4: 1358 daAuts
     D:6: 885 daAuts
     D:5: 784 daAuts
     D:2: 677 daAuts
